 Dungeon Crawl Stone Soup version 0.28.0 (webtiles) character file.

Game seed: 10588772467718061335

39 arthad the Covered (level 3, -4/23 HPs)
             Began as a Gargoyle Fighter on Feb 13, 2022.
             Slain by Terence (7 damage)
             ... on level 2 of the Dungeon.
             The game lasted 00:01:37 (1941 turns).

arthad the Covered (Gargoyle Fighter)               Turns: 1941, Time: 00:01:38

Health: -4/23      AC: 10    Str: 21    XL:     3   Next: 47%
Magic:  3/3        EV:  9    Int:  8    God:
Gold:   50         SH:  4    Dex:  9    Spells: 2/2 levels left

rFire   . . .      SeeInvis .   a - +0 war axe
rCold   . . .      Faith    .   c - +0 buckler
rNeg    + . .      Spirit   .   b - +0 scale mail
rPois   ∞          Reflect  .   (no helmet)
rElec   +          Harm     .   (no cloak)
rCorr   .          Rampage  .   (no gloves)
Will    .....                   (no boots)
Stlth   ..........              (no amulet)
HPRegen 0.07/turn               (no ring)
MPRegen 0.08/turn               (no ring)

@: no status effects
A: sickness immunity, AC +3, negative energy resistance 1, electricity
resistance, torment resistance 1, petrification resistance
a: no special abilities


You were on level 2 of the Dungeon.
You visited 1 branch of the dungeon, and saw 2 of its levels.

You collected 50 gold pieces.

Inventory:

Hand Weapons
 a - a +0 war axe (weapon)
 i - a +1 trident of protection
Armour
 b - a +0 scale mail (worn)
 c - a +0 buckler (worn)
Wands
 m - a wand of polymorph (9)
Scrolls
 e - a scroll of teleportation {unknown}
 f - 2 scrolls of identify {unknown}
 g - a scroll of holy word {unknown}
 h - a scroll of fear {unknown}
 n - a scroll of fog {unknown}
Potions
 d - a potion of might
 j - a potion of degeneration {unknown}
 k - a potion of curing {unknown}
 l - a potion of mutation {unknown}


   Skills:
 + Level 3.6 Fighting
 * Level 2.5 Axes
 + Level 3.6 Armour
 + Level 3.6 Shields


You had 2 spell levels left.
You didn't know any spells.
Your spell library was empty.

Dungeon Overview and Level Annotations

Branches:
Dungeon (2/15)

Altars:

Annotations:
D:2 Terence


Innate Abilities, Weirdness & Mutations

You are immune to sickness and miasma.
Your stone body is resilient. (AC +3)
You are immune to poison.
You resist negative energy. (rN+)
You are resistant to electric shocks. (rElec)
You are resistant to unholy torment.
You are immune to petrification.


Message History

The kobold misses you.
You closely miss the kobold. The kobold barely misses you.
You slash the kobold!
You kill the kobold!
No target in view!
No target in view!
No target in view!
No target in view!
No target in view!
No target in view!
Things that are here:
a +0 club; a kobold corpse
Things that are here:
a +0 club; a kobold corpse Terence the Incautious comes into view.
He is wielding a +0 flail.
Terence shouts!
Terence hits you but does no damage.
You barely miss Terence. Terence hits you with a +0 flail.
You block Terence's attack.
You slash Terence!
Terence is heavily wounded.
Terence hits you with a +0 flail!
You barely miss Terence.
Terence is heavily wounded.
You block Terence's attack. Terence hits you with a +0 flail!
You are too injured to fight recklessly!
You are too injured to fight recklessly!
You are too injured to fight recklessly!
You are too injured to fight recklessly!
You are too injured to fight recklessly!
You are too injured to fight recklessly!
You are too injured to fight recklessly!
You closely miss Terence.
Terence is heavily wounded.
Terence hits you with a +0 flail.
* * * LOW HITPOINT WARNING * * *
You completely miss Terence.
Terence is heavily wounded.
Terence hits you with a +0 flail!
You die...

#.### #......#
....# #.####.#
###.# #.# #.# ..#.#
#.# #.# #.#.#
#.######
#.#.########......#
..........<######.#
..#.#############.#
...............@@.#
....#############.#
###.###### ### #
#......# # ########
# # #


You could see Terence.

Vanquished Creatures
  3 endoplasms
  A giant cockroach (D:1)
  3 goblins
  5 hobgoblins
  4 quokkas
  7 ball pythons
  4 bats (D:1)
  A frilled lizard (D:2)
  4 kobolds
  2 rats
34 creatures vanquished.

Notes
Turn   | Place    | Note
-------+----------+-------------------------------------------
     0 | D:1      | arthad the Gargoyle Fighter began the quest for the Orb.
     0 | D:1      | Reached XP level 1. HP: 14/14 MP: 1/1
   228 | D:1      | Reached XP level 2. HP: 19/19 MP: 2/2
  1048 | D:2      | Reached XP level 3. HP: 23/23 MP: 3/3
  1935 | D:2      | Noticed Terence
  1941 | D:2      | Slain by Terence

Illustrated notes

Levels and vault maps discovered:
D:1:      dpeg_arrival_signposts, layout_basic
D:2:      layout_basic, uniq_terence

Skill      XL: |  1 |
---------------+----+-----
Axes           | 2 |  2.5
Fighting       | |  3.6
Armour         | |  3.6
Shields        | |  3.6

Action                   || total
-------------------------++-------
Melee: War axe           ||   119
Armor: Scale mail        ||    99
Dodge: Dodged            ||    73
Block: Buckler           ||    34
